 Dungeon Crawl Stone Soup version 0.29-a0-477-g62b78b4225 (webtiles) character file.

Game seed: 4942055827279907624

952 frimble the Grasshopper (level 8, -14/63 HPs)
             Began as a Gnoll Warper on May 25, 2022.
             Killed by divine providence
             ... invoked by an orc priest
              (15 damage)
             ... on level 6 of the Dungeon.
             The game lasted 00:09:57 (7037 turns).

frimble the Grasshopper (Gnoll Warper)              Turns: 7037, Time: 00:09:58

Health: -14/63     AC:  4    Str: 10    XL:     8   Next: 14%
Magic:  16/16      EV: 15    Int: 15    God:
Gold:   235        SH:  5    Dex: 21    Spells: 13/18 levels left

rFire   . . .      SeeInvis .   h - +3 quarterstaff (spect)
rCold   + . .      Faith    .   (shield currently unavailable)
rNeg    + . .      Spirit   .   f - +0 leather armour
rPois   .          Reflect  +   k - +0 helmet
rElec   .          Harm     .   (no cloak)
rCorr   .          Rampage  .   (no gloves)
Will    .....                   (no boots)
Stlth   ++........              g - amulet of reflection
HPRegen 0.20/turn               e - ring of positive energy
MPRegen 0.15/turn               i - ring "Dafabun" {rC+ Dex+9}

@: about to teleport
A: fangs 1, strong nose, distributed training
a: no special abilities


You were on level 6 of the Dungeon.
You visited 1 branch of the dungeon, and saw 6 of its levels.

You collected 235 gold pieces.

Inventory:

Hand Weapons
 a - a +1 dagger of flaming
 b - a +0 hunting sling
 h - a +3 spectral quarterstaff (weapon)
Missiles
 o - 4 poisoned darts (quivered)
Armour
 f - a +0 leather armour (worn)
 k - a +0 helmet (worn)
Jewellery
 e - a ring of positive energy (left hand)
 g - an amulet of reflection (around neck)
 i - the ring "Dafabun" (right hand) {rC+ Dex+9}
   (You found it on level 3 of the Dungeon)

   [ring of protection from cold]

   Dex:       It affects your dexterity (+9).
   rC:        It protects you from cold.
Scrolls
 c - 4 scrolls of identify
 d - 3 scrolls of teleportation
 j - 2 scrolls of blinking
 n - a scroll of enchant armour
 q - a scroll of fear {unknown}
 s - a scroll of poison {unknown}
Potions
 l - a potion of resistance
 m - 2 potions of flight
 p - 2 potions of haste {unknown}
 r - a potion of mutation {unknown}
 t - a potion of might {unknown}
 u - 2 potions of curing


   Skills:
 + Level 5.5 Fighting
 + Level 3.0 Short Blades
 + Level 3.0 Long Blades
 + Level 3.0 Axes
 + Level 3.0 Maces & Flails
 + Level 3.0 Polearms
 + Level 3.0 Staves
 + Level 3.0 Slings
 + Level 3.0 Bows
 + Level 3.0 Crossbows
 + Level 4.0 Throwing
 + Level 4.0 Armour
 + Level 5.5 Dodging
 + Level 3.0 Stealth
 + Level 3.0 Shields
 + Level 5.5 Unarmed Combat
 + Level 5.9 Spellcasting
 + Level 2.4 Conjurations
 + Level 2.4 Hexes
 + Level 2.4 Summonings
 + Level 2.4 Necromancy
 + Level 6.0 Translocations
 + Level 2.4 Transmutations
 + Level 2.4 Fire Magic
 + Level 2.4 Ice Magic
 + Level 2.4 Air Magic
 + Level 2.4 Earth Magic
 + Level 2.4 Poison Magic
 + Level 3.3 Invocations
 + Level 3.0 Evocations


You had 13 spell levels left.
You knew the following spells:

 Your Spells              Type           Power      Damage    Failure   Level
a - Blink                 Tloc           44%        N/A       2%          2
b - Gell's Gravitas       Tloc           22%        N/A       4%          3

Your spell library contained the following spells:

 Spells                   Type           Power      Damage    Failure   Level
 Lesser Beckoning         Tloc           22%        N/A       4%          3
 Teleport Other           Tloc           22%        N/A       4%          3
 Portal Projectile        Hex/Tloc       34%        N/A       11%         3
 Call Canine Familiar     Summ           11%        N/A       22%         3
 Manifold Assault         Tloc           22%        N/A       41%         5
 Leda's Liquefaction      Hex/Erth       5%         N/A       58%         4
 Summon Forest            Summ/Tloc      8%         N/A       67%         5
 Summon Mana Viper        Hex/Summ       11%        N/A       90%         5
 Summon Cactus Giant      Summ           5%         N/A       100%        6


Dungeon Overview and Level Annotations

Branches:
Dungeon (6/15)
 Temple: D:4-7

Altars:
Ashenzari
Dithmenos
Gozag
Nemelex Xobeh
Qazlal
Uskayaw
Vehumet
Yredelemnul
The Shining One

Shops:
D:5 :

Annotations:
D:3 Pikel
D:4 2 runed translucent doors, Menkaure; Sweetruy1997's ghost, amateur DsCK


Innate Abilities, Weirdness & Mutations

You have very sharp teeth.
Your uncanny sense of smell can sniff out nearby items.
Your experience applies equally to all skills.


Message History

You are too injured to fight recklessly!
You are too injured to fight recklessly!
You sock the gnoll!
The gnoll is almost dead.
Your +3 spectral quarterstaff hits the gnoll!
You kill the gnoll!
The gnoll completely misses you. You block the gnoll sergeant's attack.
There is a stone staircase leading down here.
The gnoll closely misses you.
The gnoll sergeant hits you from afar with a +0 spear!
You climb downwards.
Found 7 gold pieces.
There is a stone staircase leading up here.
The orc shouts!
The orc priest shouts!
You hear a shout!
The orc hits you with a +0 club.
The orc wizard points at you and mumbles some strange words.
The puff of flame hits you!
You closely miss the orc.
Your +3 spectral quarterstaff hits the orc!
You kill the orc!
You aren't carrying any items that you can evoke.
Unknown command.
As you read the scroll of teleportation, it crumbles to dust.
You feel strangely unstable.
The orc priest mumbles some strange prayers to Beogh against you.
Beogh smites you!
* * * LOW HITPOINT WARNING * * *
A shadow imp comes into view.
The orc wizard gestures at you while chanting.
The puff of flame hits you!
* * * LOW HITPOINT WARNING * * *
The orc wizard gestures at you while chanting.
The magic dart hits you.
* * * LOW HITPOINT WARNING * * *
The orc priest looks satisfied for a moment.
Okay, then.
The shadow imp shouts, "Get thee hence, thou warped earth-vexing wagtail!"
The orc priest invokes the aid of Beogh against you.
Beogh smites you!
You die...

...#.... ..#.#.......#.
#####..........#.............
.............................
.#.#............$............#
.....#...#.. ..##.(..........##
.#.#W......###.#....o.........##
(.$....#.#......#..............#
..[..#...#.<....#..o...........##
.._....#.#.)#?..@.o.)...........#
.....#...#.##...##............#..
.......#.#. #.................#..
.#.#.. ..#.5....#................
.....# .......####...o.....<.##..
.#.#... ......# #......#.....#..
....... .#....# ##..............
#####.. ##... ............... ..
..$............


You could see 2 orc priests, an orc wizard, a shadow imp and an orc.

Vanquished Creatures
  A water moccasin (D:5)
  An ogre (D:4)
  2 lemures
  2 necrophages (D:3)
  3 scorpions
  A gnoll sergeant (D:5)
  3 hounds (D:5)
  2 jellies
  An iguana (D:5)
  An orc wizard (D:2)
  6 gnolls
  5 adders
  3 worms
  2 dart slugs
  6 orcs
  3 ball pythons
  7 endoplasms
  2 giant cockroaches
  3 goblins
  11 hobgoblins
  6 jackals
  3 quokkas (D:1)
  7 bats
  2 frilled lizards (D:3)
  7 kobolds
  8 rats
98 creatures vanquished.

Vanquished Creatures (others)
  27 plants (D:2)
27 creatures vanquished.

Grand Total: 125 creatures vanquished

Notes
Turn   | Place    | Note
-------+----------+-------------------------------------------
     0 | D:1      | frimble the Gnoll Warper began the quest for the Orb.
     0 | D:1      | Reached XP level 1. HP: 20/20 MP: 6/6
   204 | D:1      | Reached XP level 2. HP: 4/26 MP: 7/7
   670 | D:1      | Found a faded altar of an unknown god.
   872 | D:1      | Reached XP level 3. HP: 31/31 MP: 9/9
   889 | D:1      | Reached skill level 5 in Spellcasting
  1324 | D:2      | Reached skill level 1 in Invocations
  1438 | D:2      | Learned a level 2 spell: Blink
  1477 | D:2      | Reached skill level 1 in Short Blades
  1477 | D:2      | Reached skill level 1 in Long Blades
  1477 | D:2      | Reached skill level 1 in Axes
  1477 | D:2      | Reached skill level 1 in Maces & Flails
  1477 | D:2      | Reached skill level 1 in Polearms
  1477 | D:2      | Reached skill level 1 in Staves
  1477 | D:2      | Reached skill level 1 in Slings
  1477 | D:2      | Reached skill level 1 in Bows
  1477 | D:2      | Reached skill level 1 in Crossbows
  1477 | D:2      | Reached skill level 1 in Stealth
  1477 | D:2      | Reached skill level 1 in Shields
  1477 | D:2      | Reached skill level 1 in Evocations
  1787 | D:2      | Reached XP level 4. HP: 38/38 MP: 11/11
  2609 | D:3      | Found a hide-covered altar of Uskayaw.
  2622 | D:3      | Reached skill level 1 in Conjurations
  2622 | D:3      | Reached skill level 1 in Hexes
  2622 | D:3      | Reached skill level 1 in Summonings
  2622 | D:3      | Reached skill level 1 in Necromancy
  2622 | D:3      | Reached skill level 1 in Transmutations
  2622 | D:3      | Reached skill level 1 in Fire Magic
  2622 | D:3      | Reached skill level 1 in Ice Magic
  2622 | D:3      | Reached skill level 1 in Air Magic
  2622 | D:3      | Reached skill level 1 in Earth Magic
  2622 | D:3      | Reached skill level 1 in Poison Magic
  2622 | D:3      | Found a shadowy altar of Dithmenos.
  2625 | D:3      | Found an opulent altar of Gozag.
  2778 | D:3      | Identified the ring "Dafabun" {rC+ Dex+9}
  3156 | D:3      | Found a broken altar of Ashenzari.
  3157 | D:3      | Found a sparkling altar of Nemelex Xobeh.
  3253 | D:3      | Reached XP level 5. HP: 43/43 MP: 12/12
  3289 | D:3      | Found a stormy altar of Qazlal.
  3838 | D:3      | Found a basalt altar of Yredelemnul.
  3840 | D:3      | Noticed a profane servitor
  4078 | D:3      | Found a glowing golden altar of the Shining One.
  4232 | D:4      | Reached XP level 6. HP: 50/50 MP: 13/13
  4466 | D:4      | Noticed Menkaure
  4531 | D:4      | Noticed Pikel
  4566 | D:5      | Entered Level 5 of the Dungeon
  4709 | D:5      | Learned a level 3 spell: Gell's Gravitas
  4713 | D:5      | Reached skill level 5 in Fighting
  4713 | D:5      | Reached skill level 5 in Dodging
  4713 | D:5      | Reached skill level 5 in Unarmed Combat
  5390 | D:4      | Reached XP level 7. HP: 32/56 MP: 9/15
  5562 | D:4      | Found a large runed translucent door.
  5562 | D:4      | Found a large runed translucent door.
  5579 | D:4      | Noticed Sweetruy1997's ghost (amateur DsCK)
  6291 | D:6      | Found a radiant altar of Vehumet.
  6541 | D:5      | Identified a scroll of acquirement
  6541 | D:5      | Acquired a +3 spectral quarterstaff
  6772 | D:5      | Found Ratecuc's Book Shop.
  6893 | D:5      | Reached skill level 6 in Translocations
  6893 | D:5      | Reached XP level 8. HP: 63/63 MP: 16/16
  7036 | D:6      | HP: 1/63 [orc wizard/magic dart (4)]
  7037 | D:6      | Killed from afar by an orc priest

Illustrated notes

Levels and vault maps discovered:
D:1:      dpeg_arrival_round_a, layout_basic, hellmonk_ecumenical_altar_run_dry
D:2:      layout_rooms, serial_bayou_lagoon_a
D:3:      layout_loops_cross, grunt_temple_overflow_holy_war,
          grunt_temple_overflow_open, nemelex_xobeh_ov_fountains_minmay,
          chequers_temple_overflow_statue_of_worship
D:4:      layout_rooms, ebering_ghost_disaster_area, minivault_25, uniq_pikel,
          uniq_menkaure
D:5:      nicolae_cairo_tiling_large, layout_basic, serial_shops, shop,
          st_stairs_8, uniq_crazy_yiuf_cottage
D:6:      layout_cave_pools, nicolae_vehumet_radiance

Skill      XL: |  1  2  3  4  5  6  7  8 |
---------------+-------------------------+-----
Spellcasting   | 5 |  5.9
Invocations    | 1 2 3 |  3.3
Short Blades   | 1 2 3 |  3.0
Long Blades    | 1 2 3 |  3.0
Axes           | 1 2 3 |  3.0
Maces & Flails | 1 2 3 |  3.0
Polearms       | 1 2 3 |  3.0
Staves         | 1 2 3 |  3.0
Slings         | 1 2 3 |  3.0
Bows           | 1 2 3 |  3.0
Crossbows      | 1 2 3 |  3.0
Stealth        | 1 2 3 |  3.0
Shields        | 1 2 3 |  3.0
Evocations     | 1 2 3 |  3.0
Conjurations   | 1 2 |  2.4
Hexes          | 1 2 |  2.4
Summonings     | 1 2 |  2.4
Necromancy     | 1 2 |  2.4
Transmutations | 1 2 |  2.4
Fire Magic     | 1 2 |  2.4
Ice Magic      | 1 2 |  2.4
Air Magic      | 1 2 |  2.4
Earth Magic    | 1 2 |  2.4
Poison Magic   | 1 2 |  2.4
Throwing       | 3 4 |  4.0
Armour         | 3 4 |  4.0
Fighting       | 5 |  5.5
Dodging        | 5 |  5.5
Unarmed Combat | 5 |  5.5
Translocations | 6 |  6.0

Action                   |  1- 3 |  4- 6 |  7- 9 || total
-------------------------+-------+-------+-------++-------
Melee: Unarmed           |   109 |    11 |       ||   120
       Bite              |    12 |    20 |    14 ||    46
       Dagger            |       |   174 |    46 ||   220
       Punch             |       |     9 |     4 ||    13
       Quarterstaff      |       |       |    23 ||    23
 Fire: Hunting sling     |       |    70 |    15 ||    85
Throw: Boomerang         |     7 |       |       ||     7
       Dart              |       |       |     9 ||     9
 Cast: Blink             |       |    11 |     9 ||    20
       Gell's Gravitas   |       |     5 |       ||     5
  Use: Scroll            |     2 |     1 |     7 ||    10
       Potion            |       |     1 |     1 ||     2
 Stab: Sleeping          |       |     2 |     2 ||     4
Armor: Leather armour    |    23 |    31 |     8 ||    62
Dodge: Dodged            |    66 |   132 |    52 ||   250
Block: Other             |    21 |    52 |     8 ||    81
       Reflection        |     1 |       |       ||     1

Table legend: (Time is in decaauts)
 A = Elapsed time spent in this place.
 B = Non-inter-level travel time spent in this place.
 C = Inter-level travel time spent in this place.
 D = Time resting spent in this place.
 E = Time spent auto-exploring this place.
 F = Levels seen in this place.
 G = Mean time per level.
                   A        B        C        D        E       F      G
               +--------+--------+--------+--------+--------+-----+--------+
         Total |   7048 |   6852 |    196 |    721 |   4905 |   6 | 1174.7 |
       Dungeon |   7048 |   6852 |    196 |    721 |   4905 |   6 | 1174.7 |
               +--------+--------+--------+--------+--------+-----+--------+

Top non-repeatable levels by time:
     D:3: 1783 daAuts
     D:2: 1629 daAuts
     D:5: 1324 daAuts
     D:1: 1279 daAuts
     D:4: 988 daAuts
     D:6: 42 daAuts
